 Dungeon Crawl Stone Soup version 0.17-a0-1504-gb7d9117 (webtiles) character file.

9366 urechis the Bludgeoner (level 11, -1/124 HPs)
             Began as an Ogre Gladiator on July 9, 2015.
             Was a Follower of Ru.
             Slain by a komodo dragon (22 damage)
             ... on level 10 of the Dungeon.
             The game lasted 00:33:16 (13285 turns).

urechis the Bludgeoner (Ogre Gladiator)            Turns: 13285, Time: 00:33:16

Health: -1/124     AC:  6    Str: 25    XL:     11   Next: 45%
Magic:  11/11      EV:  9    Int:  7    God:    Ru [*.....]
Gold:   443        SH:  0    Dex: 10    Spells: 0 memorised, 10 levels left

rFire  . . .     SeeInvis .     a - +0 giant spiked club
rCold  . . .     Clarity  .     l - +2 robe {MR+}
rNeg   + . .     SustAt   .     (no shield)
rPois  +         Gourm    .     (helmet restricted)
rElec  .         Spirit   .     I - +0 cloak
rCorr  .         Warding  +     (gloves unavailable)
rMut   .         Stasis   .     (boots unavailable)
MR     +++..                    m - amulet of warding
Stlth  +.........               S - ring of poison resistance
                                O - ring of protection from magic

@: extremely resistant to hostile enchantments, very unstealthy
A: unfitting armour, tough skin 1, inability to train dodging
a: Renounce Religion


You were on level 10 of the Dungeon.
You worshipped Ru.
Ru was aware of your devotion.
You were not hungry.

You visited 2 branches of the dungeon, and saw 12 of its levels.

You collected 652 gold pieces.
You spent 209 gold pieces at shops.

Inventory:

Hand weapons
 a - a +0 giant spiked club (weapon)
 b - a +0 blowgun
 U - a +0 flail
Missiles
 e - 3 throwing nets
 p - 37 poisoned needles
 B - 8 tomahawks (quivered)
 K - 3 large rocks
Armour
 c - a storm dragon hide
 l - a +2 robe of magic resistance (worn)
 I - a +0 cloak (worn)
 Q - a +2 robe of fire resistance
 T - a troll hide
Jewellery
 h - an uncursed ring of teleportation
 m - an amulet of warding (around neck)
 y - an uncursed ring of protection from cold
 O - a ring of protection from magic (left hand)
 S - a ring of poison resistance (right hand)
Scrolls
 f - 2 scrolls of amnesia
 k - 6 scrolls of teleportation
 n - 3 scrolls of recharging
 x - 3 scrolls of enchant weapon
 A - a scroll of magic mapping
 D - a scroll of identify
 F - 3 scrolls of blinking
 H - 3 scrolls of fear
 J - 4 scrolls of remove curse
 N - a scroll of fog
 P - a scroll of summoning
Potions
 g - a potion of berserk rage
 q - a potion of haste
 r - 2 potions of might
 s - 4 potions of agility {unknown}
 u - 6 potions of curing
 v - a potion of heal wounds {unknown}
 w - 11 potions of poison
 z - a potion of cancellation {unknown}
 C - 4 potions of flight
 G - a potion of brilliance {unknown}
 L - a potion of mutation {unknown}
 M - 2 potions of resistance {unknown}
Comestibles
 d - 3 bread rations
 i - 14 royal jellies
 o - 3 beef jerkies
 t - 2 slices of pizza
 E - 2 meat rations


   Skills:
 + Level 12.3 Fighting
 + Level 15.4 Maces & Flails
 - Level 2.1 Throwing
 * Level 7.0 Armour


You had 10 spell levels left.
You didn't know any spells.

Dungeon Overview and Level Annotations

Branches:
Dungeon (11/15)            Temple (1/1) D:5            Lair (0/8) D:10
    Orc: D:9-12

Altars:
Ashenzari
Cheibriados
Dithmenos
Elyvilon
Fedhas
Gozag
Kikubaaqudgha
Makhleb
Nemelex Xobeh
Okawaru
Qazlal
Ru
Sif Muna
Trog
Vehumet
Xom
Yredelemnul
Zin
The Shining One

Shops:
D:5 %   D:7 !   D:10 %


Innate Abilities, Weirdness & Mutations

You are too large for most types of armour.
You have tough skin (AC +1).
You cannot train Dodging skill.


Message History

The komodo dragon bites you!
You closely miss the komodo dragon.
The komodo dragon is almost dead.
The komodo dragon barely misses you. x2
You barely miss the komodo dragon.
The komodo dragon is almost dead.
The komodo dragon bites you!
You closely miss the komodo dragon.
The komodo dragon is almost dead.
The komodo dragon bites you!!
* * * LOW HITPOINT WARNING * * *
You are too injured to fight recklessly!
You closely miss the komodo dragon.
The komodo dragon is almost dead.
The komodo dragon bites you.
* * * LOW HITPOINT WARNING * * *
You barely miss the komodo dragon.
The komodo dragon is almost dead.
The komodo dragon bites you!!
You die...

............................#
#
.........####...............#
# ...#####.#
#...............# # ...# #.#
#...............# # ...# #.#
#...............# # ...# #.#
#...............# # ...# #.#
#...............# # ...# #.#
#..l............# # ...# #.#
#...@...........# # ...# #.#
#...........>...# # ...# #.#
#...............# # ...# #.#
#...............# # ...## #.#
#...............# # ....# #.#
#...............# # ....# #.#
#.......<.......# # ...8# #.#
#..>............# # ....# #.#
#...............# #


You could see a komodo dragon.

Vanquished Creatures
  The ghost of CipHuK the Brawler, a powerful NaFi of Cheibriados (D:9)
  A hydra (D:11)
  2 hill giants
  A komodo dragon (D:10)
  A two-headed ogre (D:10)
  2 trolls
  A deep elf mage (D:9)
  A wyvern (D:9)
  5 yaks (D:10)
  A hungry ghost (D:9)
  A mottled dragon (D:10)
  2 sky beasts
  An eye of draining (D:10)
  A black bear (D:9)
  4 centaurs
  5 ice beasts
  An ogre (D:5)
  3 phantoms
  4 orc warriors
  2 big kobolds (D:9)
  6 scorpions
  A wyvern zombie (D:7)
  A giant frog (D:7)
  2 wyvern skeletons (D:10)
  4 wights (D:8)
  6 killer bees
  5 crimson imps
  2 centaur zombies
  A quasit (D:10)
  5 orc priests
  2 centaur skeletons
  7 jellies
  3 iguanas
  4 hounds
  Jessica (D:2)
  Terence (D:2)
  8 orc wizards
  13 worker ants
  3 hound skeletons
  A hound zombie (D:10)
  A worker ant zombie (D:5)
  16 adders
  4 shadow imps
  2 gnolls (D:9)
  5 oozes (D:9)
  An adder skeleton (D:5)
  5 worms
  12 giant geckos
  48 orcs
  A ball python (D:3)
  A bat skeleton (D:4)
  2 bat zombies (D:7)
  3 giant cockroaches
  9 goblins
  11 hobgoblins
  4 quokkas
  19 bats
  2 giant gecko skeletons (D:4)
  4 giant newts
  6 jackals
  28 kobolds
  A quokka skeleton (D:4)
  15 rats
316 creatures vanquished.

Vanquished Creatures (others)
  A rat (D:10)
1 creature vanquished.

Grand Total: 317 creatures vanquished

Notes
Turn   | Place    | Note
--------------------------------------------------------------
     0 | D:1      | urechis the Ogre Gladiator began the quest for the Orb.
     0 | D:1      | Reached XP level 1. HP: 22/22 MP: 1/1
   296 | D:1      | Reached XP level 2. HP: 29/31 MP: 2/2
   460 | D:1      | Reached skill level 5 in Maces & Flails
   525 | D:1      | Reached XP level 3. HP: 28/37 MP: 3/3
   761 | D:2      | HP: 2/55 [poisoned by an adder]
   769 | D:2      | HP: 2/55 [poisoned by an adder]
  1154 | D:2      | Noticed Terence
  1164 | D:2      | Killed Terence
  1164 | D:2      | Reached skill level 6 in Maces & Flails
  1164 | D:2      | Reached XP level 4. HP: 45/48 MP: 4/4
  1369 | D:2      | Noticed Jessica
  1376 | D:2      | Killed Jessica
  1743 | D:2      | Reached XP level 5. HP: 54/54 MP: 5/5
  1910 | D:3      | Found a burning altar of Makhleb.
  1911 | D:3      | Found a shimmering altar of Xom.
  1920 | D:3      | Reached skill level 7 in Maces & Flails
  2587 | D:3      | Found a faded altar to an unknown god.
  2595 | D:3      | Reached XP level 6. HP: 59/63 MP: 6/6
  2681 | D:3      | Found a bloodstained altar of Trog.
  2811 | D:3      | Noticed a centaur
  2825 | D:3      | Killed a centaur
  2825 | D:3      | Reached skill level 5 in Fighting
  2825 | D:3      | Reached skill level 8 in Maces & Flails
  3565 | D:4      | Reached XP level 7. HP: 45/72 MP: 7/7
  3746 | D:4      | Reached skill level 9 in Maces & Flails
  4218 | D:4      | Found a basalt altar of Yredelemnul.
  4350 | D:5      | Entered Level 5 of the Dungeon
  4662 | D:5      | Reached skill level 10 in Maces & Flails
  5034 | D:5      | Reached XP level 8. HP: 64/84 MP: 8/8
  5311 | D:5      | Found a staircase to the Ecumenical Temple.
  5550 | D:5      | Found Sider's Food Shop.
  5624 | D:5      | Reached skill level 11 in Maces & Flails
  5743 | Temple   | Entered the Ecumenical Temple
  5753 | Temple   | Became a worshipper of Ru the Awakened
  5936 | D:6      | Found a snail-covered altar of Cheibriados.
  6089 | D:6      | You fall through a shaft for 3 floors!
  6103 | D:9      | Noticed a deep elf mage
  6109 | D:9      | Killed a deep elf mage
  6185 | D:9      | Noticed CipHuK's ghost (powerful NaFi)
  6230 | D:8      | Reached skill level 12 in Maces & Flails
  6292 | D:7      | Reached XP level 9. HP: 89/97 MP: 9/9
  6794 | D:6      | Gained mutation: You cannot train Dodging skill. [Ru sacrifice]
  6794 | D:6      | Acquired Ru's first power
  7043 | D:6      | Found a sparkling altar of Nemelex Xobeh.
  7043 | D:6      | Found an opulent altar of Gozag.
  7342 | D:6      | Reached skill level 13 in Maces & Flails
  7568 | D:7      | Found Quvemej's Distillery.
  7571 | D:7      | Bought a potion of curing for 33 gold pieces
  7571 | D:7      | Bought 2 potions of curing for 66 gold pieces
  7571 | D:7      | Bought a potion of berserk rage for 55 gold pieces
  7571 | D:7      | Bought a potion of berserk rage for 55 gold pieces
  8390 | D:7      | Reached skill level 10 in Fighting
  8610 | D:8      | Reached skill level 1 in Armour
  8644 | D:8      | Reached skill level 14 in Maces & Flails
  9025 | D:8      | Reached XP level 10. HP: 70/111 MP: 10/10
  9425 | D:9      | Noticed a troll
  9431 | D:9      | Killed a troll
  9823 | D:9      | Found a white marble altar of Elyvilon.
  9906 | D:9      | Found a deep blue altar of Sif Muna.
 10137 | D:9      | Killed CipHuK's ghost
 10325 | D:10     | Entered Level 10 of the Dungeon
 10355 | D:10     | Noticed a hill giant
 10399 | D:9      | HP: 2/171 [hill giant/giant club (23)]
 10400 | D:9      | Killed a hill giant
 10400 | D:9      | Reached skill level 5 in Armour
 11134 | D:10     | Found a staircase to the Lair.
 11287 | D:10     | Noticed a hill giant
 11290 | D:10     | Killed a hill giant
 11290 | D:10     | Reached skill level 15 in Maces & Flails
 11290 | D:10     | Reached XP level 11. HP: 121/123 MP: 7/11
 12774 | D:10     | Found Larulycoo's Food Boutique.
 12885 | D:11     | Noticed a seven-headed hydra
 12893 | D:11     | Killed a seven-headed hydra
 13285 | D:10     | Slain by a komodo dragon

Vault maps used:
D:1:      scummos_arrival_gate, corner_web_ring
D:2:      uniq_jessica, uniq_terence
D:3:      overflow_temple_1_default, grunt_temple_overflow_champion_of_chaos,
          ecumenical_altar_2
D:4:      lemuel_coloured_pillars_altar, first_bread,
          minmay_misc_feat_four_crosses
D:5:      temple_fountains, serial_shops, shop
D:6:      grunt_temple_overflow_opulence, roderic_roman_lattice,
          hangedman_abyss_or_decor_slice, cheibriados_altar_1
D:7:      serial_shops, kennysheep_mini_moat, kennysheep_doodads
D:9:      lemuel_round_altar, enter_bailey_7, hangedman_little_slice_of_home,
          lemuel_blue_sif_altar
D:10:     erik_lair_dragon, serial_shops, shop_statue
D:11:     david_orc_5
Temple:   circular_temple_12

Action                   |  1- 3 |  4- 6 |  7- 9 | 10-12 || total
-------------------------+-------+-------+-------+-------++-------
Melee: Flail             |    85 |   202 |   118 |       ||   405
       Giant club        |       |       |   233 |   292 ||   525
       Giant spiked club |       |       |       |    16 ||    16
 Fire: Blowgun           |       |     7 |       |       ||     7
Throw: Throwing net      |     1 |     1 |       |       ||     2
       Tomahawk          |       |       |       |     2 ||     2
Invok: Sacrifice Nimblen |       |       |     1 |       ||     1
       Reject Sacrifices |       |       |       |     1 ||     1
  Use: Potion            |     2 |     1 |     1 |     3 ||     7
       Scroll            |       |       |    15 |     2 ||    17
 Stab: Distracted        |       |     1 |       |     3 ||     4
       Sleeping          |       |       |     2 |       ||     2
  Eat: Chunk             |     1 |     8 |    16 |    14 ||    39
       Fruit             |       |       |       |     2 ||     2
       Beef jerky        |       |       |       |     1 ||     1
